AoeStats
← THRASHER171

Arabian Desert

509295185Analyzed
1v1 RM · 6d ago on Sep 26, 2026· 24m 27s· 2 players
Game mode
Random Map
Map size
Tiny (2 player)
Population
200
Speed
Normal
Resources
Standard
Victory
Conquest
Starting age
Dark Age
Ending age
Imperial Age
RankedLock teamsTeams togetherTeam positionsShared explorationLock speedFull tech treeHidden civsTurbo modeCheats
Victory
Defeat
🇪🇸 Teutons · Spain
797
+18
🇨🇴 Byzantines · Colombia
839
-18
sinanha8
2:30 Loom
8:54 Feudal Age
9:43 Double-Bit Axe
11:54 Horse Collar
17:51 Castle Age
19:44 Bow Saw
21:14 Wheelbarrow
22:48 Heavy Plow
23:27 Scale Mail Armor
THRASHER171
8:14 Loom
11:01 Feudal Age
17:13 Castle Age
15:06 Horse Collar
Connection lost

Rejoining the realm…

Still unreachable

The connection could not be restored.

Session expired

The server has moved on; the page needs a fresh start.